 Dungeon Crawl Stone Soup version 0.31-a0-486-g8d68a81214 (webtiles) character file.

Game seed: 10526103478511193506

468 innerfire43 the Trooper (level 6, 0/52 HPs)
             Began as a Demonspawn Monk on Aug 7, 2023.
             Was a Believer of Cheibriados.
             Slain by a yak (15 damage)
             ... on level 5 of the Dungeon.
             The game lasted 00:03:15 (3502 turns).

innerfire43 the Trooper (Demonspawn Monk)           Turns: 3502, Time: 00:03:16

Health: 0/52       AC:  4    Str: 19    XL:     6   Next: 81%
Magic:  6/6        EV: 19    Int: 17    God:    Cheibriados [**....]
Gold:   196        SH:  0    Dex: 22    Spells: 5/5 levels left

rFire   + . .        a - +0 hand axe
rCold   . . .        d - orb {light}
rNeg    . . .        w - +0 leather armour {rF+}
rPois   .            (helmet restricted)
rElec   .            (no cloak)
rCorr   .            e - +0 pair of gloves
SInv    +            (no boots)
Will    .....        (no amulet)
Stlth   +            B - +5 ring of evasion
HPRegen 0.28/turn    x - ring of see invisible
MPRegen 0.10/turn

%: no passive effects
@: glowing, very slow
A: antennae 1, powered by pain 2
a: Renounce Religion, Bend Time


You were on level 5 of the Dungeon.
You worshipped Cheibriados.
Cheibriados was pleased with you.
You visited 1 branch of the dungeon, and saw 5 of its levels.

You collected 196 gold pieces.

Inventory:

Hand Weapons
 a - a +0 hand axe (weapon)
Armour
 b - a +0 robe
 d - an orb of light (worn)
 e - a +0 pair of gloves (worn)
 w - a +0 leather armour of fire resistance (worn)
Jewellery
 c - a ring of protection from cold
 x - a ring of see invisible (right hand)
 B - a +5 ring of evasion (left hand)
Wands
 q - a wand of mindburst (8)
 y - a wand of flame (1)
Scrolls
 g - a scroll of fear {unknown}
 h - 5 scrolls of identify
 j - a scroll of revelation
 n - 2 scrolls of enchant armour
 p - a scroll of blinking {unknown}
 t - a scroll of poison {unknown}
 u - a scroll of enchant weapon {unknown}
Potions
 f - a potion of haste {unknown}
 i - 2 potions of mutation {unknown}
 k - 2 potions of curing {unknown}
 l - a potion of enlightenment {unknown}
 r - a potion of heal wounds {unknown}
 s - a potion of might {unknown}
 v - 2 potions of degeneration {unknown}
 z - a potion of berserk rage {unknown}
 A - a potion of invisibility {unknown}


   Skills:
 * Level 5.8 Fighting
 + Level 4.2 Axes
 + Level 4.2 Dodging


You had 5 spell levels left.
You didn't know any spells.
Your spell library contained the following spells:

 Spells                   Type           Power      Damage    Failure   Level
 Necrotise                Necr           0%         1d4       28%         1
 Lesser Beckoning         Tloc           0%         N/A       38%         2
 Gell's Gravitas          Tloc           0%         N/A       63%         3
 Teleport Other           Tloc           0%         N/A       63%         3
 Vampiric Draining        Necr           0%         2d6       63%         3
 Agony                    Necr           0%         N/A       100%        5


Dungeon Overview and Level Annotations

Branches:
Dungeon (5/15)
 Temple: D:4-7

Altars:
Cheibriados
Makhleb
Ru
Uskayaw
Vehumet
Xom


Innate Abilities, Weirdness & Mutations

You have a pair of small antennae on your head.
You sometimes gain power by taking damage.


Message History

A yak comes into view.
The yak bellows! x2
A yak comes into view.
The yak bellows!
The yak gores you! The yak gores you.
There are monsters nearby!
You slash the yak!
The yak is moderately wounded.
You hit the yak. The yak barely misses you. The yak gores you.
The yak misses you. x2
There are monsters nearby!
You completely miss the yak.
The yak is moderately wounded.
You hit the yak.
Okay, then.
As you read the scroll labelled ROUQ YFFOMP, it crumbles to dust.
You feel aware of your surroundings.
It was a scroll of revelation.
The yak closely misses you. The yak misses you.
As you read the scroll labelled MAEZUG ADUVO, it crumbles to dust.
It is a scroll of identify.
n - 2 scrolls of enchant armour The yak closely misses you.
The yak gores you! The yak gores you.
* * * LOW HITPOINT WARNING * * *
As you read the scroll labelled VEMIFE ZUPS, it crumbles to dust.
You hear the flapping of tiny wings.
The yak is knocked back by the sudden gust. x5
It was a scroll of butterflies.
As you read the scroll labelled SILUUGUCRI, it dissolves into smoke.
It was a scroll of fog.
The yak completely misses you. The yak barely misses you. The yak gores you.
* * * LOW HITPOINT WARNING * * *
You swap places.
The yak gores your butterfly.
Your butterfly dies!
Your butterfly disappears in a burst of colours!
The yak closely misses your butterfly.
You swap places.
The yak gores your butterfly!
Your butterfly dies!
Your butterfly disappears in a burst of colours!
The yak gores you!
You die...

......#.#######.#.##.#*,*
##..............#.##.##.##
...##.#.........#.##.##.##
##,*#.########.##.##.##.##
.,,,.,............##.##.##
#*,##,########.##.##.##.##
.*,**,* ###.#.§...##.##
.*,**,* ###b#b######.##**
>.,**,*****###bb@YY§YY....,*
.##**,,,,...bbb§b§YY§b...#,*
...,,,,,,..#####§#########,*
....,,,,,,,...bbb.........,*
....,,,,,,,#####.#########**
....,,,,,,,#####.#########
....,,,,,,,#####.#########
..#********#####.#########
..# *,*


You could see 3 yaks.

Vanquished Creatures
  A black bear (D:4)
  A phantom (D:4)
  A crimson imp (D:3)
  3 hounds
  A sleepcap (D:4)
  An orc wizard (D:3)
  7 adders
  2 worms (D:3)
  A dart slug (D:3)
  6 orcs
  3 endoplasms
  4 giant cockroaches
  4 goblins
  6 hobgoblins
  4 jackals (D:5)
  3 quokkas
  4 ball pythons
  2 bats (D:2)
  A frilled lizard (D:1)
  6 kobolds
  3 rats
64 creatures vanquished.

Notes
Turn   | Place    | Note
-------+----------+-------------------------------------------
     0 | D:1      | innerfire43 the Demonspawn Monk began the quest for the
                  | Orb.
     0 | D:1      | Reached XP level 1. HP: 18/18 MP: 1/1
   737 | D:2      | Gained mutation: You have a pair of small antennae on your
                  | head. [demonic ancestry]
   737 | D:2      | Reached XP level 2. HP: 24/24 MP: 2/2
  1238 | D:3      | Reached XP level 3. HP: 29/29 MP: 3/3
  1474 | D:3      | Reached skill level 4 in Fighting
  1479 | D:3      | Gained mutation: You sometimes gain a little power by
                  | taking damage. [demonic ancestry]
  1479 | D:3      | Reached XP level 4. HP: 22/37 MP: 4/4
  1792 | D:3      | Found a snail-covered altar of Cheibriados.
  1821 | D:3      | Became a worshipper of Cheibriados the Contemplative
  1821 | D:3      | Reached * piety under Cheibriados
  1821 | D:3      | Reached ** piety under Cheibriados
  1941 | D:3      | Found a burning altar of Makhleb.
  1941 | D:3      | Found a radiant altar of Vehumet.
  2060 | D:3      | Gained mutation: You sometimes gain power by taking damage.
                  | [demonic ancestry]
  2060 | D:3      | Reached XP level 5. HP: 43/43 MP: 5/5
  2311 | D:4      | Noticed a phantom
  2327 | D:4      | Killed a phantom
  2328 | D:4      | Reached skill level 5 in Fighting
  2450 | D:4      | Reached XP level 6. HP: 40/51 MP: 6/6
  2934 | D:4      | Found a sacrificial altar of Ru.
  3090 | D:4      | Found a hide-covered altar of Uskayaw.
  3151 | D:4      | Found a shimmering altar of Xom.
  3194 | D:5      | Entered Level 5 of the Dungeon
  3492 | D:5      | Noticed a yak
  3492 | D:5      | Noticed a yak
  3492 | D:5      | Noticed a yak
  3492 | D:5      | Noticed a yak
  3493 | D:5      | Noticed a yak
  3493 | D:5      | Noticed a yak
  3502 | D:5      | Slain by a yak

Illustrated notes

Levels and vault maps discovered:
D:1:      dpeg_arrival_concentric_ovals, layout_basic, minmay_octomino_j4
D:2:      layout_rooms
D:3:      layout_loops_ring, grunt_temple_overflow_lords_of_destruction,
          cheibrodos_worm_habitat, eino_curves_01, kennysheep_generic_room_16
D:4:      layout_basic, mainiacjoe_overflow_six_doors_small,
          nicolae_uskayaw_suspiria, minitemple
D:5:      layout_basic, uniq_eustachio

Skill      XL: |  1  2  3  4  5  6 |
---------------+-------------------+-----
Axes           | 3 4 |  4.2
Dodging        | 3 4 |  4.2
Fighting       | 4 5 |  5.8

Action                     |  1- 3 |  4- 6 || total
---------------------------+-------+-------++-------
  Melee: Hand axe          |    84 |   158 ||   242
    Use: Potion            |       |     1 ||     1
         Scroll            |       |     4 ||     4
 Armour: Robe              |    19 |     1 ||    20
         Leather armour    |       |    41 ||    41
  Dodge: Dodged            |    50 |   144 ||   194

Table legend: (Time is in decaauts)
 A = Elapsed time spent in this place.
 B = Non-inter-level travel time spent in this place.
 C = Inter-level travel time spent in this place.
 D = Time resting spent in this place.
 E = Time spent auto-exploring this place.
 F = Levels seen in this place.
 G = Mean time per level.
                   A        B        C        D        E       F      G
               +--------+--------+--------+--------+--------+-----+--------+
         Total |   4100 |   3933 |    167 |      0 |   3332 |   5 |  820.0 |
       Dungeon |   4100 |   3933 |    167 |      0 |   3332 |   5 |  820.0 |
               +--------+--------+--------+--------+--------+-----+--------+

Top non-repeatable levels by time:
     D:4: 1406 daAuts
     D:3: 1093 daAuts
     D:1: 733 daAuts
     D:2: 475 daAuts
     D:5: 391 daAuts
